 Adventure DCSS version bcrawl-1.27.3 (webtiles) character file.

Game seed: 9170602751878915515

473173 galech the Cleaver (level 14, 0/113 HPs)
             Began as a Demonspawn Fighter on July 31, 2020.
             Was a High Priest of Okawaru.
             Slain by an earth elemental (27 damage)
             ... summoned by a deep elf mage
             ... on level 1 of the Elven Halls.
             The game lasted 00:37:43 (20233 turns).

galech the Cleaver (Demonspawn Fighter)            Turns: 20233, Time: 00:37:43

Health: 0/113      AC: 29    Str: 17    XL:     14   Next: 65%
Magic:  17/17      EV: 17    Int: 10    God:    Okawaru [*****.]
Gold:   1466       SH: 15    Dex: 23    Spells: 13/13 levels left
                                        Lives:  0   Deaths: 2

rFire    + . .     SeeInvis .   y - +9 broad axe
rCold    . . .     Gourm    .   c - +0 medium shield
rNeg     . . .     Faith    .   o - +2 scale mail {rF+}
rPois    .         Spirit   .   N - +1 hat {MR+}
rElec    +         Reflect  .   X - +0 cloak of Xumu {Dex+8}
rCorr    .         Harm     .   (gloves unavailable)
MR       +++..                  l - +1 pair of boots of Xom's Regard {+Blink}
Stlth    ++++......             (no amulet)
HPRegen  0.28/turn              t - +3 ring of protection
MPRegen  0.15/turn              u - ring "Vaewo" {rElec MR+ Dex-2 Slay+3 Stlth+}

@: heroism, sanguine armour
A: claws 3, powered by death 2, sanguine armour 2
a: Heroism, Finesse, Renounce Religion, Evoke Blink


You were on level 1 of the Elven Halls.
You worshipped Okawaru.
Okawaru was extremely pleased with you.
You were very hungry.

You visited 4 branches of the dungeon, and saw 20 of its levels.

You collected 2267 gold pieces.
You spent 801 gold pieces at shops.

Inventory:

Hand Weapons
 r - the +9 flail "Wyet" {drain, rF+ MR+ Str+4 Stlth-}
   (You found it on level 5 of the Dungeon)

   A truly terrible weapon, it drains the life of those it strikes.
   It affects your strength (+4).
   It protects you from fire.
   It affects your resistance to hostile enchantments.
   It makes you less stealthy.
 y - a +9 broad axe (weapon)
 I - a +2 scimitar of flaming
 P - a +2 broad axe of freezing
Armour
 c - a +0 medium shield (worn)
 l - the +1 pair of boots of Xom's Regard (worn) {+Blink}
   (You bought it in a shop in the Orcish Mines)

   It lets you blink.
 n - a +2 leather armour of poison resistance
 o - a +2 scale mail of fire resistance (worn)
 v - +0 acid dragon scales
 x - a +1 ring mail of positive energy
 L - a +2 chain mail of magic resistance
 N - a +1 hat of magic resistance (worn)
 O - a +1 buckler of protection
 X - the +0 cloak of Xumu (worn) {Dex+8}
   (Okawaru gifted it to you on level 5 of the Lair of Beasts)

   It affects your dexterity (+8).
Jewellery
 a - an uncursed ring of protection from fire
 i - an uncursed ring of ice
 t - a +3 ring of protection (left claw)
 u - the ring "Vaewo" (right claw) {rElec MR+ Dex-2 Slay+3 Stlth+}
   (You found it on level 5 of the Dungeon)

   [ring of protection from magic]

   It affects your dexterity (-2).
   It affects your accuracy and damage with ranged weapons and melee attacks
   (+3).
   It insulates you from electricity.
   It affects your resistance to hostile enchantments.
   It makes you more stealthy.
 w - the ring of Ejaextam {Int+2 SInv}
   (You found it on level 12 of the Dungeon)

   [ring of see invisible]

   It affects your intelligence (+2).
   It lets you see invisible.
 U - an uncursed ring of poison resistance
 Y - an uncursed ring of magical power
Scrolls
 b - 8 scrolls of teleportation
 d - 5 scrolls of identify
 g - 7 scrolls of enchant armour
 m - 7 scrolls of remove curse
 s - a scroll of blinking
 J - 4 scrolls of magic mapping
 W - a scroll of acquirement
Potions
 f - 3 potions of haste
 h - 4 potions of agility
 j - 10 potions of heal wounds
 k - 3 potions of flight
 q - 4 potions of might
 z - a potion of brilliance
 C - 2 potions of magic
 D - 7 potions of curing
 E - a potion of mutation
 R - 2 potions of berserk rage
Miscellaneous
 K - a lamp of fire
Comestibles
 e - 42 rations {!d}


   Skills:
 + Level 11.0(16.0) Fighting
 + Level 2.0(7.0) Long Blades
 + Level 12.4(19.3) Axes
 + Level 12.3(19.3) Maces & Flails
 + Level 9.2(14.2) Armour
 + Level 7.0(12.0) Dodging
 + Level 3.4(8.4) Stealth
 + Level 11.2(16.2) Shields
 + Level 4.9 Invocations


You had 13 spell levels left.
You didn't know any spells.
Your spell library contained the following spells:

 Spells                   Type           Power        Failure   Level  Hunger
 Apportation              Tloc           #.....       97%         1    None
 Infusion                 Chrm           #.......     97%         1    None
 Sandblast                Erth           #.....       97%         1    None
 Slow                     Hex            #.......     97%         1    None
 Summon Butterflies       Summ           #.......     97%         1    None
 Ensorcelled Hibernation  Hex/Ice        #.....       99%         2    ####...
 Song of Slaying          Chrm           #.......     99%         2    ####...
 Confuse                  Hex            #.......     100%        3    #####..
 Dazzling Orbs            Conj/Hex       #......      100%        3    #####..
 Ozocubu's Armour         Chrm/Ice       #.......     100%        3    #####..
 Regeneration             Chrm/Necr      #.........   100%        3    #####..
 Spectral Weapon          Hex/Chrm       #.......     100%        3    #####..
 Petrify                  Tmut/Erth      #.........   100%        4    ######.
 Yara's Violent Unravell  Hex/Tmut       #.........   100%        4    ######.
 Metabolic Englaciation   Hex/Ice        #.........   100%        5    #######
 Borgnjor's Vile Clutch   Necr/Erth      #.........   100%        6    #######
 Darkness                 Hex            #.........   100%        6    #######
 Infestation              Hex/Tmut/Pois  #........    100%        6    #######
 Shadow Creatures         Summ           N/A          100%        6    #######
 Mana Rupture             Conj/Hex       #.........   100%        7    #######
 Time Stop                Chrm/Tloc      N/A          100%        8    #######


Dungeon Overview and Level Annotations

Branches:
Dungeon (12/12)            Temple (0/1) D:5            Lair (6/6) D:8
 Shoals (0/3) Lair:2        Snake (0/3) Lair:4        Slime (0/5) Lair:6
    Orc (1/1) D:10            Elf (1/3) Orc          Vaults (0/3) D:11
 Depths (0/5) D:12

Altars:
Ashenzari
Cheibriados
Hepliaklqana
Okawaru
Ru
Yredelemnul
The Shining One
Beogh
Jiyva

Shops:
D:4 *%!(   D:12 [   Orc ?[}(%

Annotations:
Lair:6 exclusion: 2 oklob plants


Innate Abilities, Weirdness & Mutations

You have claws for hands.
You regenerate health from kills.
When seriously injured, your bleeding wounds create thick armour. (AC +9)


Message History

Okawaru accepts your kill.
You hit the earth elemental but do no damage.
You block the earth elemental's attack.
The deep elf mage points at you and mumbles some strange words.
The bolt of magma hits the earth elemental!
The earth elemental partially resists.
The bolt of magma misses you.
Things that are here:
a +0 short sword; a +0 leather armour The earth elemental hits you!
* * * LOW HITPOINT WARNING * * *
You slice the earth elemental!!
You destroy the earth elemental!
The deep elf mage casts a spell.
The deep elf mage mumbles some strange words.
The deep elf mage blinks!
You block the earth elemental's attack. You block the earth elemental's attack.
The earth elemental closely misses you. The earth elemental hits you.
* * * LOW HITPOINT WARNING * * *
The earth elemental hits you!!
You die...

#########
#<#..e..+
#.#..#..#
#.#.###.#
#.#.E#.e#
#.#.E@..#
#.#.E#..#
#.#.###)#
#.#..#..#
#.).....#
#########


You could see 3 earth elementals and a deep elf mage.

Vanquished Creatures
  Gastronok (D:10)
  Rupert (D:12)
  Jorgrun (D:11)
  An orc warlord (Orc)
  The ghost of Lazarus1551 the Stinger, a journeyman OnWz of Vehumet (D:11)
  5 dire elephants (Lair:6)
  5 hydras
  A yaktaur captain (D:12)
  4 vault guards (D:11)
  Psyche (D:10)
  2 anacondas (Lair:6)
  A death knight (D:11)
  5 centaur warriors
  3 two-headed ogres (D:12)
  2 tengu warriors
  6 death yaks (Lair:6)
  An alligator (Lair:6)
  An orc high priest (Orc)
  2 cyclopes
  An orc knight (D:11)
  4 deep elf magi
  7 ugly things
  A wolf spider (D:11)
  2 manticores
  4 elephants (Lair:6)
  3 centaur zombies
  5 black mambas
  13 cane toads
  A torpor snail (Lair:2)
  A gargoyle (D:10)
  A freezing wraith (D:12)
  2 kobold demonologists (D:7)
  A yaktaur (D:12)
  6 komodo dragons
  A rime drake (Lair:6)
  An efreet (D:9)
  A tengu conjurer (D:11)
  A queen bee (D:11)
  A hornet (D:11)
  A meliai (D:11)
  4 trolls
  3 polar bears (Lair:6)
  18 blink frogs
  12 slime creatures
  9 hippogriffs
  5 dream sheep (Lair:6)
  2 shadows
  2 wyverns
  Eustachio (D:5)
  4 hogs (D:7)
  A human (D:7)
  30 yaks
  A hog (shapeshifter) (D:12)
  4 basilisks
  A hungry ghost (D:12)
  Edmund (D:4)
  3 nagas (Lair:4)
  20 crocodiles
  An acid dragon (D:12)
  13 water moccasins
  9 porcupines
  Duvessa (D:5)
  4 sky beasts
  30 orc warriors
  A black bear (D:11)
  2 phantoms
  An eye of draining (D:10)
  3 ogres
  4 ice beasts
  8 boggarts (D:12)
  A necrophage (D:11)
  24 wolves
  11 centaurs
  3 big kobolds
  11 bullfrogs
  Dowan (D:5)
  3 scorpions
  12 killer bees
  A wight (D:6)
  A jelly (D:11)
  6 electric eels
  7 crimson imps
  A quasit (D:8)
  5 hounds
  14 orc priests
  36 orc wizards
  Crazy Yiuf (D:5)
  8 centaur skeletons
  3 bullfrog skeletons
  Ijyb (D:3)
  10 worker ants
  2 iguanas (D:6)
  A hound zombie (D:6)
  3 gnolls (Orc)
  A howler monkey skeleton (D:4)
  11 adders
  3 shadow imps
  2 oozes
  An adder zombie (D:8)
  2 dart slugs (D:2)
  3 leopard geckos
  83 orcs
  A ball python (D:1)
  3 bats
  2 giant cockroaches
  5 goblins
  12 hobgoblins
  6 quokkas
  9 frilled lizards
  A jackal skeleton (D:4)
  17 kobolds
  5 rats
  2 fungi
  3 plants (Lair:6)
638 creatures vanquished.

Vanquished Creatures (others)
  10 fungi
  12 plants
22 creatures vanquished.

Grand Total: 660 creatures vanquished

Notes
Turn   | Place    | Note
-------+----------+-------------------------------------------
     0 | D:1      | galech the Demonspawn Fighter began the quest for the Orb.
     0 | D:1      | Reached XP level 1. HP: 18/18 MP: 1/1
   246 | D:1      | Gained mutation: You regenerate a little health from kills.
                  | [demonic ancestry]
   246 | D:1      | Reached XP level 2. HP: 24/24 MP: 2/2
  1183 | D:2      | Gained mutation: When seriously injured, your bleeding
                  | wounds create armour. (AC +9) [demonic ancestry]
  1183 | D:2      | Reached XP level 3. HP: 25/29 MP: 3/3
  1317 | D:2      | Found a sacrificial altar of Ru.
  1930 | D:3      | Found an iron altar of Okawaru.
  1937 | D:3      | Became a worshipper of Warmaster Okawaru
  1968 | D:3      | Noticed a centaur
  1980 | D:3      | HP: 1/29 [centaur (1)]
  1981 | D:3      | Killed a centaur
  1981 | D:3      | Gained mutation: You have sharp fingernails. [demonic
                  | ancestry]
  1981 | D:3      | Reached XP level 4. HP: 1/36 MP: 4/4
  1981 | D:3      | Reached XP level 5. HP: 1/41 MP: 5/5
  2334 | D:3      | Noticed Ijyb
  2353 | D:3      | Paralysed by Ijyb for 4 turns
  2370 | D:3      | Killed Ijyb
  2370 | D:3      | Reached * piety under Okawaru
  2890 | D:4      | Gained mutation: You regenerate health from kills. [demonic
                  | ancestry]
  2890 | D:4      | Reached XP level 6. HP: 36/48 MP: 6/6
  3033 | D:4      | Found Pibank's Food Boutique.
  3100 | D:4      | Reached skill level 1 in Dodging
  3101 | D:4      | Found Fysaelo's General Store.
  3112 | D:4      | Bought 2 potions of heal wounds for 140 gold pieces
  3147 | D:4      | Noticed Edmund
  3177 | D:4      | Killed Edmund
  3177 | D:4      | Reached skill level 5 in Axes
  3177 | D:4      | Reached XP level 7. HP: 30/54 MP: 4/7
  3308 | D:4      | Found Guggaos's Distillery.
  3322 | D:4      | Bought a potion of might for 56 gold pieces
  3322 | D:4      | Bought a potion of might for 56 gold pieces
  3322 | D:4      | Bought a potion of curing for 35 gold pieces
  3469 | D:4      | Found Ibagiceb's Weapon Boutique.
  3619 | D:4      | Found a basalt altar of Yredelemnul.
  3888 | D:5      | Entered Level 5 of the Dungeon
  3900 | D:5      | Noticed Dowan
  3905 | D:5      | Killed Dowan
  3905 | D:5      | Noticed Duvessa
  3922 | D:5      | HP: 1/54 [Duvessa/+4 short sword of holy wrath (11)]
  3922 | D:5      | Mangled by Duvessa
  3923 | D:5      | Reached XP level 6. HP: -7/48 MP: 5/6
  3943 | D:5      | Found a staircase to the Ecumenical Temple.
  3968 | D:5      | Got a scorched marble ring
  3969 | D:5      | Identified the ring "Vaewo" {rElec MR+ Dex-2 Slay+3 Stlth+}
                  | (You found it on level 5 of the Dungeon)
  4003 | D:5      | Killed Duvessa
  4048 | D:5      | Noticed Eustachio
  4061 | D:5      | Reached XP level 7. HP: 44/54 MP: 7/7
  4088 | D:5      | Killed Eustachio
  4088 | D:5      | Reached ** piety under Okawaru
  4327 | D:5      | Found a shattered altar of Ashenzari.
  4330 | D:5      | Got a steaming flail
  4338 | D:5      | Identified the +9 flail "Wyet" {drain, rF+ MR+ Str+4
                  | Stlth-} (You found it on level 5 of the Dungeon)
  4734 | D:5      | Gained mutation: You have very sharp fingernails. [demonic
                  | ancestry]
  4734 | D:5      | Reached XP level 8. HP: 61/61 MP: 8/8
  4930 | D:5      | Found a runed door.
  5009 | D:6      | Reached skill level 1 in Maces & Flails
  5106 | D:6      | Reached *** piety under Okawaru
  5106 | D:6      | Reached skill level 5 in Armour
  5199 | D:6      | Reached skill level 5 in Fighting
  5422 | D:6      | Noticed a hippogriff
  5426 | D:6      | Killed a hippogriff
  5670 | D:5      | Noticed Crazy Yiuf
  5673 | D:5      | Killed Crazy Yiuf
  5673 | D:5      | Reached skill level 5 in Shields
  5738 | D:7      | Noticed a kobold demonologist
  5746 | D:7      | Killed a kobold demonologist
  5746 | D:7      | Gained mutation: When seriously injured, your bleeding
                  | wounds create thick armour. (AC +9) [demonic ancestry]
  5746 | D:7      | Reached XP level 9. HP: 68/68 MP: 9/9
  5791 | D:7      | Reached **** piety under Okawaru
  5791 | D:7      | Reached skill level 5 in Maces & Flails
  5856 | D:7      | Reached skill level 1 in Invocations
  6283 | D:7      | Noticed a troll
  6289 | D:7      | Killed a troll
  6289 | D:7      | Reached ***** piety under Okawaru
  6513 | D:8      | Noticed a kobold demonologist
  6556 | D:6      | Reached skill level 1 in Stealth
  6556 | D:6      | Reached XP level 10. HP: 22/76 MP: 7/10
  6749 | D:7      | Noticed an orange demon
  6988 | D:8      | Found a staircase to the Lair.
  7021 | D:8      | Received a gift from Okawaru
  7424 | D:9      | Reached XP level 11. HP: 43/84 MP: 11/11
  8040 | D:9      | Found a shattered altar of Ashenzari.
  8040 | D:9      | Found a hazy altar of Hepliaklqana.
  8041 | D:9      | Found a snail-covered altar of Cheibriados.
  8077 | D:10     | Entered Level 10 of the Dungeon
  8126 | D:10     | Noticed a cyclops
  8134 | D:10     | Killed a cyclops
  8134 | D:10     | Reached ****** piety under Okawaru
  8134 | D:10     | Received a gift from Okawaru
  8162 | D:10     | Noticed Psyche
  8195 | D:10     | Killed Psyche
  8211 | D:10     | Noticed a purple ugly thing
  8219 | D:10     | Noticed a green ugly thing
  8224 | D:10     | Noticed Gastronok
  8225 | D:10     | Killed a purple ugly thing
  8234 | D:10     | Killed a green ugly thing
  8252 | D:10     | Killed Gastronok
  8252 | D:10     | Received a gift from Okawaru
  8252 | D:10     | Reached skill level 10 in Maces & Flails
  8252 | D:10     | Reached skill level 5 in Dodging
  8252 | D:10     | Gained mutation: You have claws for hands. [demonic
                  | ancestry]
  8252 | D:10     | Reached XP level 12. HP: 73/92 MP: 5/13
  8324 | D:10     | Noticed a centaur warrior
  8335 | D:10     | Killed a centaur warrior
  8343 | D:10     | Got a jewelled spear {god gift}
  8354 | D:10     | Identified the +4 spear "Roklex" {pierce, +Blink} (Okawaru
                  | gifted it to you on level 10 of the Dungeon)
  8439 | D:10     | Noticed a five-headed hydra
  8461 | D:10     | Killed a one-headed hydra
  9100 | D:10     | Found a staircase to the Orcish Mines.
  9167 | D:11     | Noticed a centaur warrior
  9173 | D:11     | Killed a centaur warrior
  9200 | D:11     | Got a scintillating turquoise ring
  9202 | D:11     | Identified the ring "Bosaill" {Fire MR+ MP+9 Int-2} (You
                  | found it on level 11 of the Dungeon)
  9299 | D:11     | Found a transporter.
  9299 | D:11     | Found a transporter.
  9313 | D:11     | Noticed Lazarus1551's ghost (journeyman OnWz)
  9396 | D:11     | Noticed a death knight
  9412 | D:11     | Killed a death knight
  9807 | D:11     | Received a gift from Okawaru
  9912 | D:11     | Noticed a centaur warrior
  9925 | D:11     | Killed a centaur warrior
 10092 | D:11     | Found a gate to the Vaults.
 10092 | D:11     | Noticed a vault guard
 10092 | D:11     | Noticed a vault guard
 10092 | D:11     | Noticed a vault guard
 10092 | D:11     | Noticed a vault guard
 10113 | D:11     | Killed a vault guard
 10118 | D:11     | Killed a vault guard
 10118 | D:11     | Reached XP level 13. HP: 81/101 MP: 8/15
 10353 | D:11     | Noticed Jorgrun
 10377 | D:11     | Killed Jorgrun
 10701 | Lair:1   | Entered Level 1 of the Lair of Beasts
 11439 | Lair:2   | Received a gift from Okawaru
 11722 | Lair:2   | Found a staircase to the Shoals.
 12600 | Lair:3   | Received a gift from Okawaru
 13547 | Lair:4   | Identified a scroll of acquirement
 13701 | Lair:4   | Reached XP level 14. HP: 98/109 MP: 17/17
 13750 | Lair:4   | Reached skill level 10 in Fighting
 13750 | Lair:4   | Reached skill level 1 in Long Blades
 13949 | Lair:4   | Found a staircase to the Snake Pit.
 14374 | Lair:5   | Received a gift from Okawaru
 14385 | Lair:5   | Got a steaming cloak {god gift}
 14396 | Lair:5   | Identified the +0 cloak of Xumu {Dex+8} (Okawaru gifted it
                  | to you on level 5 of the Lair of Beasts)
 14601 | Lair:5   | Reached skill level 10 in Shields
 15123 | Lair:5   | Found an iron altar of Okawaru.
 15410 | Lair:6   | Entered Level 6 of the Lair of Beasts
 15573 | Lair:6   | Reached skill level 10 in Axes
 16387 | Lair:6   | Found a viscous altar of Jiyva.
 16387 | Lair:6   | Found a staircase to the Slime Pits.
 16717 | Lair:6   | Received a gift from Okawaru
 16901 | Lair:6   | Slain by a dire elephant
 16902 | Lair:6   | Reached XP level 13. HP: 0/104 MP: 12/16
 16921 | Lair:6   | Noticed a dire elephant
 16937 | Lair:6   | Killed a dire elephant
 17018 | Lair:6   | Killed a dire elephant
 17191 | Lair:6   | Noticed a dire elephant
 17194 | Lair:6   | Noticed a dire elephant
 17207 | Lair:6   | Killed a dire elephant
 17222 | Lair:6   | Killed a dire elephant
 17537 | Orc      | Entered the Orcish Mines
 17553 | Orc      | Found Niaxett's Magic Scroll Shop.
 17592 | Orc      | Bought a scroll of teleportation for 42 gold pieces
 17592 | Orc      | Bought a scroll of identify for 28 gold pieces
 17592 | Orc      | Bought a scroll of identify for 28 gold pieces
 17592 | Orc      | Bought a scroll of identify for 28 gold pieces
 17592 | Orc      | Bought 2 scrolls of identify for 56 gold pieces
 17592 | Orc      | Bought a scroll of enchant armour for 105 gold pieces
 17592 | Orc      | Bought a scroll of identify for 28 gold pieces
 17763 | Orc      | Found a roughly hewn altar of Beogh.
 17782 | Orc      | Found a staircase to the Elven Halls.
 17816 | Orc      | Found a roughly hewn altar of Beogh.
 17891 | Orc      | Found a roughly hewn altar of Beogh.
 17892 | Orc      | Found Aschuefo's Food Emporium.
 17904 | Orc      | Reached XP level 14. HP: 97/111 MP: 17/17
 17972 | Orc      | Found a roughly hewn altar of Beogh.
 18016 | Orc      | Found a roughly hewn altar of Beogh.
 18058 | Orc      | Found a roughly hewn altar of Beogh.
 18130 | Orc      | Noticed an orc warlord
 18159 | Orc      | Killed an orc warlord
 18190 | Orc      | Found Upra's Antique Armour Shoppe.
 18198 | Orc      | Found Nerof's Antique Weapon Emporium.
 18199 | Orc      | Found a roughly hewn altar of Beogh.
 18236 | Orc      | Bought a pair of twisted boots for 199 gold pieces
 18246 | Orc      | Identified the +1 pair of boots of Xom's Regard {+Blink}
                  | (You bought it in a shop in the Orcish Mines)
 18274 | Orc      | Found a roughly hewn altar of Beogh.
 18275 | Orc      | Found Xaqugg's Gadget Shop.
 18321 | Orc      | Found a roughly hewn altar of Beogh.
 18637 | D:11     | Killed Lazarus1551's ghost
 18690 | D:12     | Entered Level 12 of the Dungeon
 18836 | D:12     | Found Hoskaups's Antique Armour Boutique.
 18872 | D:12     | Found a sacrificial altar of Ru.
 18938 | D:12     | Got a vibrating copper ring
 18972 | D:12     | Identified the ring of Ejaextam {Int+2 SInv} (You found it
                  | on level 12 of the Dungeon)
 19015 | D:12     | Found a glowing golden altar of the Shining One.
 19372 | D:12     | Noticed Rupert
 19389 | D:12     | Killed Rupert
 19389 | D:12     | Received a gift from Okawaru
 19699 | D:12     | Found a staircase to the Depths.
 20163 | Elf:1    | Entered Level 1 of the Elven Halls
 20233 | Elf:1    | Slain by an earth elemental

Skill      XL: |  1  2  3  4  5  6  7  8  9 10 11 12 13 14 |
---------------+-------------------------------------------+-----
Armour         | 3 4 5 6 7 8 9 |  9.2
Axes           | 2 3 4 5 6 9 12 | 12.4
Shields        | 3 4 5 6 7 9 11 | 11.2
Fighting       | 4 5 7 9 11 | 11.0
Dodging        | 1 2 3 4 5 6 7 |  7.0
Maces & Flails | 4 6 8 10 11 12 | 12.3
Invocations    | 1 3 4 |  4.9
Stealth        | 1 2 3 |  3.4
Long Blades    | 2 |  2.0

Action                   |  1- 3 |  4- 6 |  7- 9 | 10-12 | 13-15 || total
-------------------------+-------+-------+-------+-------+-------++-------
Melee: War axe           |   136 |   163 |   104 |       |       ||   403
       Unarmed           |       |    20 |       |       |       ||    20
       Flail             |       |       |   162 |   526 |    65 ||   753
       Scimitar          |       |       |       |    10 |    40 ||    50
       Broad axe         |       |       |       |       |   862 ||   862
Invok: Heroism           |       |     2 |     6 |    11 |    20 ||    39
       Finesse           |       |       |       |     2 |     9 ||    11
  Use: Potion            |     1 |       |     1 |       |     2 ||     4
       Scroll            |       |     2 |     2 |       |    29 ||    33
 Stab: Sleeping          |       |       |       |       |    11 ||    11
       Distracted        |       |       |       |       |     1 ||     1
  Eat: Chunk             |     8 |     6 |    12 |    21 |    49 ||    96
       Ration            |       |     1 |     1 |     1 |     1 ||     4
Armor: Scale mail        |    66 |    89 |   163 |   290 |   389 ||   997
       Skin              |       |    12 |       |       |       ||    12
Dodge: Dodged            |    27 |    49 |    85 |   241 |   506 ||   908
Block: Medium shield     |    66 |    81 |   182 |   354 |   662 ||  1345
